 Dungeon Crawl Stone Soup version 0.29-a0-1052-g6990b1bffc (webtiles) character file.

Game seed: 3718589488014774465

28 Nedwor the Trooper (level 2, 24/24 HPs)
             Began as a Demonspawn Fighter on Aug 17, 2022.
             Quit the game on level 1 of the Dungeon.
             The game lasted 00:01:29 (1189 turns).

Nedwor the Trooper (Demonspawn Fighter)             Turns: 1189, Time: 00:01:30

Health: 24/24      AC:  6    Str: 16    XL:     2   Next: 96%
Magic:  2/2        EV:  9    Int:  9    God:
Gold:   19         SH:  4    Dex: 12    Spells: 1/1 levels left

rFire   . . .      SeeInvis .   a - +0 long sword
rCold   . . .      Faith    .   c - +0 buckler
rNeg    . . .      Spirit   .   b - +0 scale mail
rPois   .          Reflect  .   (no helmet)
rElec   .          Harm     .   (no cloak)
rCorr   .          Rampage  .   (no gloves)
Will    .....                   (no boots)
Stlth   ..........              (no amulet)
HPRegen 0.08/turn               (no ring)
MPRegen 0.08/turn               (no ring)

@: no status effects
A: hooves 1
a: no special abilities


You were on level 1 of the Dungeon.
You visited 1 branch of the dungeon, and saw 1 of its levels.

You collected 19 gold pieces.

Inventory:

Hand Weapons
 a - a +0 long sword (weapon)
Armour
 b - a +0 scale mail (worn)
 c - a +0 buckler (worn)
Scrolls
 f - a scroll of brand weapon {unknown}
 g - 2 scrolls of identify {unknown}
 h - 2 scrolls of vulnerability {unknown}
 i - a scroll of amnesia {unknown}
 j - a scroll of enchant armour {unknown}
Potions
 d - a potion of might
 e - a potion of curing {unknown}


   Skills:
 + Level 3.3 Fighting
 * Level 2.2 Long Blades
 + Level 2.8 Armour
 + Level 0.6 Dodging
 + Level 2.9 Shields


You had one spell level left.
You didn't know any spells.
Your spell library was empty.

Dungeon Overview and Level Annotations

Branches:
Dungeon (1/15)

Altars:


Innate Abilities, Weirdness & Mutations

You have large cloven feet.


Message History

An endoplasm comes into view.
You completely miss the jackal.
The endoplasm quivers.
Your kick misses the jackal. You block the jackal's attack.
The jackal closely misses you. You block the jackal's attack.
The jackal barely misses you.
You slash the jackal!
You kill the jackal!
The jackal bites you.
You hit the jackal. You kick the jackal, but do no damage.
The jackal is almost dead.
The jackal closely misses you. The jackal bites you.
Unknown command.
You barely miss the jackal. Your kick misses the jackal.
The jackal is almost dead.
The jackal barely misses you. The jackal closely misses you.
Unknown command.
You hit the jackal.
You kill the jackal!
The endoplasm hits you.
Unknown command.
You slash the endoplasm!
You kill the endoplasm!
Unknown command.
No target in view!
No target in view!
Unknown command.
Found a ring mail.
You now have 19 gold pieces (gained 3).
There is a stone staircase leading down here.
Key pressed, stopping explore.
Partly explored, can't reach some places.
No target in view!
No target in view!
Partly explored, can't reach some places.
No target in view!
Partly explored, can't reach some places.
No target in view!
No target in view!
Are you sure you want to abandon this character and quit the game? (Confirm with "yes".)

####### ##P..♣.#####
######## ##PP♣P.♣P...#
#......# ###....P♣♣.P#.#
##.####.####...P@♣♣♣♣..#.#
..♣.♣.♣.♣....>...♣P♣♣♣...#
##......#.##...#.♣.♣P...##
#♣.♣.♣.♣.##........P...#
###.....#.....####..#..##
..♣.♣.♣.♣##.........#.##
...........#..#...###.#
..♣.♣.♣.♣#.#.....P....#
...........#...♣P.....####


There were no monsters in sight!

Vanquished Creatures
  A dart slug (D:1)
  6 endoplasms (D:1)
  A giant cockroach (D:1)
  3 goblins (D:1)
  2 jackals (D:1)
  A kobold (D:1)
  3 ball pythons (D:1)
  A bat (D:1)
  3 frilled lizards (D:1)
  2 rats (D:1)
23 creatures vanquished.

Vanquished Creatures (others)
  6 plants (D:1)
6 creatures vanquished.

Grand Total: 29 creatures vanquished

Notes
Turn   | Place    | Note
-------+----------+-------------------------------------------
     0 | D:1      | Nedwor the Demonspawn Fighter began the quest for the Orb.
     0 | D:1      | Reached XP level 1. HP: 18/18 MP: 1/1
   170 | D:1      | Found a faded altar of an unknown god.
   316 | D:1      | Discovered your monstrous ancestry.
   316 | D:1      | Gained mutation: You have large cloven feet. [demonic
                  | ancestry]
   316 | D:1      | Reached XP level 2. HP: 24/24 MP: 2/2
  1189 | D:1      | Quit the game

Illustrated notes

Levels and vault maps discovered:
D:1:      giann_forest_graveyard, layout_basic, serial_forest,
          infiniplex_forest_clump_medium, infiniplex_forest_clump_medium,
          infiniplex_forest_lined_room_2, infiniplex_forest_clump_curved,
          infiniplex_forest_clump_medium, infiniplex_forest_lined_room_3,
          ebering_ecumenical_altar_petrified

Skill      XL: |  1 |
---------------+----+-----
Long Blades    | 2 |  2.2
Fighting       | |  3.3
Armour         | |  2.8
Dodging        | |  0.6
Shields        | |  2.9

Action                   || total
-------------------------++-------
Melee: Long sword        ||    67
       Kick              ||     6
Armor: Scale mail        ||    26
Dodge: Dodged            ||    30
Block: Buckler           ||    19

Table legend: (Time is in decaauts)
 A = Elapsed time spent in this place.
 B = Non-inter-level travel time spent in this place.
 C = Inter-level travel time spent in this place.
 D = Time resting spent in this place.
 E = Time spent auto-exploring this place.
 F = Levels seen in this place.
 G = Mean time per level.
                   A        B        C        D        E       F      G
               +--------+--------+--------+--------+--------+-----+--------+
         Total |   1212 |   1212 |      0 |      0 |   1055 |   1 | 1212.0 |
       Dungeon |   1212 |   1212 |      0 |      0 |   1055 |   1 | 1212.0 |
               +--------+--------+--------+--------+--------+-----+--------+

Top non-repeatable levels by time:
     D:1: 1212 daAuts
